 Dungeon Crawl Stone Soup version 0.28.0-47-ge53b351184 (webtiles) character file.

Game seed: 17270467428486580246

281 Bruhh the Insei (level 6, -1/47 HPs)
             Began as a Gnoll Transmuter on Apr 28, 2022.
             Succumbed to an adder's poison
             ... in a sewer.
             The game lasted 00:04:40 (3450 turns).

Bruhh the Insei (Gnoll Transmuter)                  Turns: 3450, Time: 00:04:40

Health: -1/47      AC:  2    Str:  7 (9)  XL:     6   Next: 27%
Magic:  12/14      EV: 21    Int: 12 (15) God:
Gold:   105        SH:  0    Dex: 15 (17) Spells: 11/15 levels left

rFire   . . .      SeeInvis .     - Unarmed
rCold   . . .      Faith    .   (shield currently unavailable)
rNeg    . . .      Spirit   .   (armour currently unavailable)
rPois   x          Reflect  .   (helmet currently unavailable)
rElec   .          Harm     .   (cloak currently unavailable)
rCorr   .          Rampage  .   (gloves currently unavailable)
Will    .....                   (boots currently unavailable)
Stlth   +.........              (no amulet)
HPRegen 0.15/turn               (no ring)
MPRegen 0.14/turn               (no ring)

@: lethally poisoned (-1 -> -20), spider-form, very slow
A: venomous fangs, tiny, (fangs 1), strong nose, distributed training
a: End Transformation


You were in a sewer.
You were a venomous arachnid creature.
You visited 1 branch of the dungeon, and saw 3 of its levels.
You also visited: Sewer.

You collected 105 gold pieces.

Inventory:

Hand Weapons
 b - a +1 spear of venom (melded)
Armour
 a - a +0 robe (melded)
Jewellery
 d - a ring of see invisible
Wands
 j - a wand of paralysis (7)
 k - a wand of flame (23)
 n - a wand of iceblast (9)
Scrolls
 e - a scroll of torment {unknown}
 h - 2 scrolls of identify {unknown}
 i - a scroll of summoning {unknown}
 m - a scroll of fog {unknown}
Potions
 f - a potion of flight {unknown}
 g - a potion of brilliance {unknown}
 l - a potion of heal wounds {unknown}
 o - a potion of cancellation {unknown}


   Skills:
 + Level 3.2 Fighting
 + Level 1.9 Short Blades
 + Level 1.9 Long Blades
 + Level 1.9 Axes
 + Level 1.9 Maces & Flails
 + Level 1.9 Polearms
 + Level 1.9 Staves
 + Level 1.9 Slings
 + Level 1.9 Bows
 + Level 1.9 Crossbows
 + Level 1.9 Throwing
 + Level 1.9 Armour
 + Level 4.9 Dodging
 + Level 1.9 Stealth
 + Level 1.9 Shields
 + Level 6.8 Unarmed Combat
 + Level 5.3 Spellcasting
 + Level 1.5 Conjurations
 + Level 1.5 Hexes
 + Level 1.5 Summonings
 + Level 1.5 Necromancy
 + Level 1.5 Translocations
 + Level 4.1 Transmutations
 + Level 1.5 Fire Magic
 + Level 1.5 Ice Magic
 + Level 1.5 Air Magic
 + Level 1.5 Earth Magic
 + Level 1.5 Poison Magic
 + Level 2.1 Invocations
 + Level 1.9 Evocations


You had 11 spell levels left.
You knew the following spells:

 Your Spells              Type           Power      Damage    Failure   Level
a - Beastly Appendage     Tmut           26%        N/A       12%         1
b - Spider Form           Tmut/Pois      9%         N/A       38%         3

Your spell library contained the following spells:

 Spells                   Type           Power      Damage    Failure   Level
 Wereblood                Tmut           13%        N/A       16%         2
 Sublimation of Blood     Necr           6%         N/A       34%         2
 Ice Form                 Ice/Tmut       9%         N/A       73%         4
 Petrify                  Tmut/Erth      9%         N/A       73%         4
 Irradiate                Conj/Tmut      4%         3d14      95%         5


Dungeon Overview and Level Annotations

Branches:
Dungeon (3/15)              Sewer (1/1)

Altars:
Makhleb


Innate Abilities, Weirdness & Mutations

You are a venomous arachnid creature.
You have poisonous fangs.
You are tiny and dextrous.
Your spellcasting is less reliable in this form.
Your armour is entirely melded.
You are incapable of wielding weapons or throwing items.
((You have very sharp teeth.))
Your uncanny sense of smell can sniff out nearby items.
Your experience applies equally to all skills.


Message History

You kill the river rat!
The adder bites you.
You are poisoned.
The adder poisons you! The adder closely misses you. x2
Casting: Spider Form (dangerous; 16% risk of failure)
Confirm with . or Enter, or press ? or * to list all spells.
You turn into a venomous arachnid creature.
Your +1 spear of venom melds into your body.
Your +0 robe melds into your body.
Your +1 spear of venom stops dripping with poison.
You feel sick. The adder completely misses you. x2
You feel sick. The adder misses you. The adder closely misses you.
The adder misses you.
You see here a river rat corpse.
You hit the adder.
The adder is moderately wounded.
You feel sick. The adder closely misses you. The adder bites you. x2
Your unstable footing causes you to fumble your attack.
You feel sick. The adder completely misses you. The adder closely misses you.
Your unstable footing causes you to fumble your attack.
You feel sick. The adder bites you.
You are more poisoned.
The adder poisons you! The adder completely misses you.
The adder closely misses you.
You hit the adder.
The adder is poisoned.
The adder is severely wounded.
You feel sick. The adder bites you.
* * * LOW HITPOINT WARNING * * *
The adder bites you.
* * * LOW HITPOINT WARNING * * *
You are more poisoned.
The adder poisons you!
Your unstable footing causes you to fumble your attack.
* * * LOW HITPOINT WARNING * * *
You feel very sick. The adder closely misses you. The adder misses you.
It was a potion of degeneration.
There was something very wrong with that liquid.
You feel weakened.
You feel dopey.
You feel clumsy.
You die...

#.... ##...# #....#∆∆
#....+∆ ∆∆ #...## ##...##
#....####################
#.....#≈≈≈≈≈≈≈≈≈≈≈≈≈≈≈#.##
##...†≈≈Ss≈≈.≈≈≈≈≈≈≈≈≈≈...
#....≈≈≈S≈≈..≈≈≈≈≈≈≈≈≈...
#....≈rr≈≈≈≈..≈≈≈≈≈≈≈....
##...≈≈≈≈≈≈...≈≈≈≈≈≈≈....
###.#≈≈≈≈≈≈≈≈≈≈≈≈≈≈≈....
####################.†
####. #..#. #..'.


You could see 2 adders and 2 rats.

Vanquished Creatures
  Jessica (D:2)
  6 gnolls
  7 adders
  4 river rats (Sewer)
  A worm (D:2)
  2 dart slugs (D:2)
  An orc (D:3)
  14 ball pythons
  5 endoplasms
  7 giant cockroaches
  3 goblins
  4 hobgoblins
  7 quokkas
  3 bats (D:2)
  3 frilled lizards
  5 kobolds
  29 rats
102 creatures vanquished.

Notes
Turn   | Place    | Note
-------+----------+-------------------------------------------
     0 | D:1      | Bruhh the Gnoll Transmuter began the quest for the Orb.
     0 | D:1      | Reached XP level 1. HP: 17/17 MP: 6/6
    35 | D:1      | Reached XP level 2. HP: 23/23 MP: 7/7
   406 | D:1      | Reached XP level 3. HP: 28/28 MP: 9/9
   577 | D:1      | Reached skill level 5 in Spellcasting
   710 | D:1      | Reached skill level 1 in Invocations
  1234 | D:2      | Reached skill level 1 in Short Blades
  1234 | D:2      | Reached skill level 1 in Long Blades
  1234 | D:2      | Reached skill level 1 in Axes
  1234 | D:2      | Reached skill level 1 in Maces & Flails
  1234 | D:2      | Reached skill level 1 in Polearms
  1234 | D:2      | Reached skill level 1 in Staves
  1234 | D:2      | Reached skill level 1 in Slings
  1234 | D:2      | Reached skill level 1 in Bows
  1234 | D:2      | Reached skill level 1 in Crossbows
  1234 | D:2      | Reached skill level 1 in Throwing
  1234 | D:2      | Reached skill level 1 in Armour
  1234 | D:2      | Reached skill level 1 in Stealth
  1234 | D:2      | Reached skill level 1 in Shields
  1234 | D:2      | Reached skill level 1 in Evocations
  1257 | D:2      | Reached XP level 4. HP: 34/34 MP: 11/11
  1859 | D:2      | Noticed Jessica
  1863 | D:2      | Killed Jessica
  1864 | D:2      | Reached skill level 1 in Conjurations
  1864 | D:2      | Reached skill level 1 in Hexes
  1864 | D:2      | Reached skill level 1 in Summonings
  1864 | D:2      | Reached skill level 1 in Necromancy
  1864 | D:2      | Reached skill level 1 in Translocations
  1864 | D:2      | Reached skill level 1 in Fire Magic
  1864 | D:2      | Reached skill level 1 in Ice Magic
  1864 | D:2      | Reached skill level 1 in Air Magic
  1864 | D:2      | Reached skill level 1 in Earth Magic
  1864 | D:2      | Reached skill level 1 in Poison Magic
  2206 | D:2      | Found a faded altar of an unknown god.
  2212 | D:2      | Reached XP level 5. HP: 25/40 MP: 12/12
  2381 | D:2      | Noticed a floating eye
  2386 | D:2      | Noticed a great orb of eyes
  2394 | D:2      | Noticed a great orb of eyes
  2394 | D:2      | Noticed a great orb of eyes
  2531 | D:3      | Learned a level 3 spell: Spider Form
  2800 | D:3      | Found a burning altar of Makhleb.
  2891 | D:3      | Found a glowing drain.
  2926 | Sewer    | Entered a sewer
  3094 | Sewer    | Reached XP level 6. HP: 47/47 MP: 9/13
  3450 | Sewer    | Succumbed to an adder's poison

Illustrated notes

Levels and vault maps discovered:
D:1:      dpeg_arrival_short_road, layout_loops_ring, minmay_misc_feat_roman,
          serial_bayou_pond_e
D:2:      layout_loops_ring, hellmonk_ecumenical_altar_watching_god,
          uniq_jessica
D:3:      layout_loops_ring, bloody_makhleb, gammafunk_ghost_necromancy,
          gup_sewer_entry_pipe
Sewer:    sewer_minmay_w

Skill      XL: |  1  2  3  4  5 |
---------------+----------------+-----
Spellcasting   | 5 |  5.3
Invocations    | 1 2 |  2.1
Short Blades   | 1 |  1.9
Long Blades    | 1 |  1.9
Axes           | 1 |  1.9
Maces & Flails | 1 |  1.9
Polearms       | 1 |  1.9
Staves         | 1 |  1.9
Slings         | 1 |  1.9
Bows           | 1 |  1.9
Crossbows      | 1 |  1.9
Throwing       | 1 |  1.9
Armour         | 1 |  1.9
Stealth        | 1 |  1.9
Shields        | 1 |  1.9
Evocations     | 1 |  1.9
Conjurations   | 1 |  1.5
Hexes          | 1 |  1.5
Summonings     | 1 |  1.5
Necromancy     | 1 |  1.5
Translocations | 1 |  1.5
Fire Magic     | 1 |  1.5
Ice Magic      | 1 |  1.5
Air Magic      | 1 |  1.5
Earth Magic    | 1 |  1.5
Poison Magic   | 1 |  1.5
Fighting       | 3 |  3.2
Transmutations | 4 |  4.1
Dodging        | |  4.9
Unarmed Combat | |  6.8

Action                   |  1- 3 |  4- 6 || total
-------------------------+-------+-------++-------
Melee: Unarmed           |     4 |   105 ||   109
       Bite              |     6 |     8 ||    14
       Spear             |    67 |   111 ||   178
       Punch             |     1 |       ||     1
       Headbutt          |       |     2 ||     2
 Cast: Beastly Appendage |       |     3 ||     3
       Spider Form       |       |    12 ||    12
  Use: Potion            |       |     1 ||     1
 Stab: Sleeping          |     2 |     5 ||     7
Armor: Robe              |     4 |    16 ||    20
       Skin              |       |     5 ||     5
Dodge: Dodged            |    39 |   178 ||   217
